 Dungeon Crawl Stone Soup version 0.25-a0-41-g6cf4ce537d (webtiles) character file.

Game seed: 13489132626792341133, levelgen mode: deterministic

327210 MordorOrchid the Sage (level 22, -1/172 HPs)
             Began as a Gnoll Fire Elementalist on Oct 21, 2019.
             Was a High Priest of Sif Muna.
             Slain by a stone giant (13 damage)
             ... on level 5 of the Vaults on Nov 3, 2019.
             The game lasted 06:26:29 (28798 turns).

MordorOrchid the Sage (Gnoll Fire Elementalist)    Turns: 28798, Time: 06:26:29

Health: -1/172     AC: 23    Str: 15    XL:     22   Next: 3%
Magic:  16/49      EV: 21    Int: 30    God:    Sif Muna [*****.]
Gold:   2330       SH: 19    Dex: 22    Spells: 4/50 levels left

rFire    + . .     SeeInvis +   j - +6 hand crossbow of the Extremely Mad {penet, MR++ Int+4 Dex+3}
rCold    + + .     Gourm    .   V - +5 shield {reflect}
rNeg     . . .     Faith    .   Q - +7 Kryia's mail coat {PotionHeal*2 rC+}
rPois    +         Spirit   .   h - +0 hat of Vuyqar {Slay+5} (curse)
rElec    .         Reflect  +   w - +2 cloak {rPois}
rCorr    .         Harm     .   U - +0 pair of gloves {Str+3}
MR       +++..                  b - +0 pair of boots
Stlth    +++++.....             g - amulet of magic regeneration
HPRegen  1.38/turn              C - ring of Elyvilon's Supremacy {MP+9 SInv}
MPRegen  0.56/turn              n - ring of Hedonism {+Blink rF+ rC+ Dex+3 Slay+2}

@: death's door cooldown, regenerating
A: distributed training, fangs 1, strong nose
}: 1/15 runes: barnacled
a: Channel Magic, Forget Spell, Divine Exegesis, Renounce Religion, Evoke Blink


You were on level 5 of the Vaults.
You worshipped Sif Muna.
Sif Muna was extremely pleased with you.
You were very hungry.

You visited 6 branches of the dungeon, and saw 31 of its levels.
You also visited: Sewer, Ossuary, Bailey, Gauntlet, Ice Cave and Desolation.

You collected 3909 gold pieces.
You spent 1579 gold pieces at shops.

Inventory:

Hand Weapons
 a - the +6 falchion "Qyez" {pain, rPois rN+ Str-2 Int+5}
   (You took it off a centaur on level 14 of the Dungeon)

   In the hands of one skilled in necromantic magic, it inflicts extra damage on
   living creatures.
   It affects your strength (-2).
   It affects your intelligence (+5).
   It protects you from poison.
   It protects you from negative energy.
 j - the +6 hand crossbow of the Extremely Mad (weapon) {penet, MR++ Int+4 Dex+3}
   (You took it off a merfolk impaler on level 4 of the Shoals)

   Ammo fired by it will pass through the targets it hits, potentially hitting
   all targets in its path until it reaches maximum range.
   It affects your intelligence (+4).
   It affects your dexterity (+3).
   It affects your resistance to hostile enchantments.
 y - the +7 rapier of the Ninety-Nine Gods {venom, rPois Str+7 Int+3 Dex-5}
   (You found it on level 6 of the Dungeon)

   It poisons the flesh of those it strikes.
   It affects your strength (+7).
   It affects your intelligence (+3).
   It affects your dexterity (-5).
   It protects you from poison.
Missiles
 q - 8 atropa-tipped darts
 F - 4 throwing nets
 K - 49 boomerangs
 O - 1276 bolts (quivered)
Armour
 b - a +0 pair of boots (worn)
 h - the cursed +0 hat of Vuyqar (worn) {Slay+5}
   (You found it in an ice cave)

   It affects your accuracy and damage with ranged weapons and melee attacks
   (+5).
   It has a curse placed upon it.
 w - a +2 cloak of poison resistance (worn)
 Q - the +7 Kryia's mail coat (worn) {PotionHeal*2 rC+}
   (You found it on level 7 of the Dungeon)

   It protects you from cold.
 U - a +0 pair of gloves of strength (worn)
 V - a +5 shield of reflection (worn)
Magical Staves
 J - an uncursed staff of conjuration
 P - an uncursed staff of power
Jewellery
 g - an amulet of magic regeneration (around neck)
 i - the amulet of Ywkaxaf {Acrobat rN+++ Str+2}
   (You found it on level 1 of the Lair of Beasts)

   [amulet of the acrobat]

   It helps you evade while moving and waiting.
   It affects your strength (+2).
   It renders you almost immune to negative energy.
 n - the ring of Hedonism (right hand) {+Blink rF+ rC+ Dex+3 Slay+2}
   (You took it off an orc on level 7 of the Dungeon)

   [ring of protection from cold]

   It affects your dexterity (+3).
   It affects your accuracy and damage with ranged weapons and melee attacks
   (+2).
   It protects you from fire.
   It protects you from cold.
   It lets you blink.
 C - the ring of Elyvilon's Supremacy (left hand) {MP+9 SInv}
   (You found it in a Gauntlet)

   [ring of magical power]

   It affects your magic capacity (+9).
   It lets you see invisible.
 D - the ring of Enosch {rElec rC- Str+3 Dex+8}
   (You found it on level 4 of the Shoals)

   [ring of strength]

   It affects your strength (+3).
   It affects your dexterity (+8).
   It makes you vulnerable to cold.
   It insulates you from electricity.
 X - the ring of Mec Homu {rC+ Str+8 Int+7 Dex-2}
   (You took it off a servant of whispers in the Desolation of Salt)

   [ring of protection from cold]

   It affects your strength (+8).
   It affects your intelligence (+7).
   It affects your dexterity (-2).
   It protects you from cold.
Wands
 d - a wand of disintegration (16)
 k - a wand of paralysis (12)
 l - a wand of scattershot (5)
 o - a wand of polymorph (6)
 H - a wand of enslavement (5)
 I - a wand of iceblast (40)
Scrolls
 f - 5 scrolls of immolation
 s - 12 scrolls of remove curse
 t - 5 scrolls of fear
 u - 7 scrolls of teleportation
 N - 3 scrolls of identify
 R - 5 scrolls of fog
 S - 5 scrolls of magic mapping
 T - 7 scrolls of blinking
 Z - 4 scrolls of amnesia
Potions
 e - 3 potions of agility
 p - 4 potions of ambrosia
 r - 8 potions of heal wounds
 v - 3 potions of invisibility
 z - 11 potions of curing
 A - a potion of berserk rage
 G - 2 potions of resistance
 W - a potion of haste
Miscellaneous
 m - a lamp of fire
 L - a lightning rod (4/4)
 M - a sack of spiders
 Y - a phial of floods
Comestibles
 c - 40 rations
 x - 17 chunks of flesh


   Skills:
 + Level 14.1 Fighting
 + Level 14.1 Short Blades
 + Level 14.1 Long Blades
 + Level 14.1 Axes
 + Level 14.1 Maces & Flails
 + Level 14.1 Polearms
 + Level 14.1 Staves
 + Level 14.1 Slings
 + Level 14.1 Bows
 + Level 14.1 Crossbows
 + Level 14.1 Throwing
 + Level 14.1 Armour
 + Level 14.6 Dodging
 + Level 14.6 Stealth
 + Level 14.1 Shields
 + Level 14.1 Unarmed Combat
 + Level 14.8 Spellcasting
 + Level 12.3 Conjurations
 + Level 12.1 Hexes
 + Level 12.1 Charms
 + Level 12.1 Summonings
 + Level 12.1 Necromancy
 + Level 12.1 Translocations
 + Level 12.1 Transmutations
 + Level 13.1 Fire Magic
 + Level 12.1 Ice Magic
 + Level 12.1 Air Magic
 + Level 12.1 Earth Magic
 + Level 12.1 Poison Magic
 + Level 15.2 Invocations
 + Level 14.1 Evocations


You had 4 spell levels left.
You knew the following spells:

 Your Spells              Type           Power        Failure   Level  Hunger
a - Flame Tongue          Conj/Fire      #####        1%          1    None
b - Throw Flame           Conj/Fire      ######       1%          2    None
c - Conjure Flame         Conj/Fire      #######.     1%          3    None
d - Inner Flame           Hex/Fire       #######.     1%          3    None
e - Sticky Flame          Conj/Fire      #######.     1%          4    None
f - Fireball              Conj/Fire      #######...   1%          5    None
g - Mephitic Cloud        Conj/Pois/Air  #######.     1%          3    None
h - Bolt of Magma         Conj/Fire/Erth #######...   1%          5    None
j - Summon Lightning Spi  Summ/Air       #######.     1%          4    None
k - Regeneration          Chrm/Necr      #######...   1%          3    None
p - Passage of Golubria   Tloc           N/A          1%          4    None
u - Animate Skeleton      Necr           N/A          1%          1    None
w - Passwall              Tmut/Erth      #######.     1%          2    None
A - Confusing Touch       Hex            ######       1%          1    None
E - Borgnjor's Vile Clut  Necr/Erth      #######...   1%          5    None

Your spell library contained the following spells:

 Spells                   Type           Power        Failure   Level  Hunger
 Corona                   Hex            #######      1%          1    None
 Infusion                 Chrm           ####         1%          1    None
 Magic Dart               Conj           ####         1%          1    None
 Pain                     Necr           ####         1%          1    None
 Sandblast                Erth           ######       1%          1    None
 Sting                    Conj/Pois      ####         1%          1    None
 Summon Butterflies       Summ           #######.     1%          1    None
 Summon Small Mammal      Summ           ####         1%          1    None
 Blink                    Tloc           N/A          1%          2    None
 Call Imp                 Summ           #######.     1%          2    None
 Corpse Rot               Necr           N/A          1%          2    None
 Ensorcelled Hibernation  Hex/Ice        ######       1%          2    None
 Poisonous Vapours        Pois/Air       ######       1%          2    None
 Searing Ray              Conj           ######       1%          2    None
 Shroud of Golubria       Chrm/Tloc      ######       1%          2    None
 Slow                     Hex            #######.     1%          2    None
 Song of Slaying          Chrm           #######.     1%          2    None
 Sublimation of Blood     Necr           #######...   1%          2    None
 Swiftness                Chrm/Air       #######.     1%          2    None
 Throw Frost              Conj/Ice       ######       1%          2    None
 Call Canine Familiar     Summ           #######.     1%          3    None
 Confuse                  Hex            #######.     1%          3    None
 Dazzling Spray           Conj/Hex       ######       1%          3    None
 Gell's Gravitas          Tloc           #######...   1%          3    None
 Ignite Poison            Fire/Tmut/Pois #######.     1%          3    None
 Ozocubu's Armour         Chrm/Ice       #######.     1%          3    None
 Portal Projectile        Hex/Tloc       ######       1%          3    None
 Recall                   Summ/Tloc      N/A          1%          3    None
 Spectral Weapon          Hex/Chrm       #######.     1%          3    None
 Static Discharge         Conj/Air       #######.     1%          3    None
 Stone Arrow              Conj/Erth      ######       1%          3    None
 Summon Guardian Golem    Hex/Summ       #######.     1%          3    None
 Tukima's Dance           Hex            #######.     1%          3    None
 Vampiric Draining        Necr           #######...   1%          3    None
 Airstrike                Air            #######...   1%          4    None
 Animate Dead             Necr           N/A          1%          4    None
 Cause Fear               Hex            #######...   1%          4    None
 Force Lance              Conj/Tloc      #######.     1%          4    None
 Fulminant Prism          Conj/Hex       #######...   1%          4    None
 Ice Form                 Ice/Tmut       #######.     1%          4    None
 Iskenderun's Mystic Bla  Conj           #######.     1%          4    None
 Leda's Liquefaction      Hex/Erth       #######...   1%          4    None
 Olgreb's Toxic Radiance  Pois           #######.     1%          4    None
 Petrify                  Tmut/Erth      #######.     1%          4    None
 Summon Ice Beast         Ice/Summ       #######.     1%          4    None
 Agony                    Necr           #######.     1%          5    None
 Alistair's Intoxication  Tmut/Pois      #######.     1%          5    None
 Bolt of Draining         Conj/Necr      #######...   1%          5    None
 Dispel Undead            Necr           #######.     1%          5    None
 Excruciating Wounds      Chrm/Necr      #######...   1%          5    None
 Irradiate                Conj/Tmut      #######...   1%          5    None
 Lee's Rapid Deconstruct  Erth           #######...   1%          5    None
 Lightning Bolt           Conj/Air       #######...   1%          5    None
 Metabolic Englaciation   Hex/Ice        #######...   1%          5    None
 Silence                  Hex/Air        #######...   1%          5    None
 Summon Forest            Summ/Tloc      #######...   1%          5    None
 Summon Mana Viper        Hex/Summ       #######.     1%          5    None
 Venom Bolt               Conj/Pois      #######...   1%          5    None
 Yara's Violent Unravell  Hex/Tmut       #######...   1%          5    None
 Bolt of Fire             Conj/Fire      #######...   5%          6    ###....
 Bolt of Cold             Conj/Ice       #######...   6%          6    ###....
 Conjure Ball Lightning   Conj/Air       #######...   6%          6    ###....
 Darkness                 Hex            #######...   7%          6    ###....
 Death Channel            Necr           #######...   7%          6    ###....
 Deflect Missiles         Chrm/Air       #######...   7%          6    ###....
 Freezing Cloud           Conj/Ice/Air   #######...   7%          6    ###....
 Hydra Form               Tmut           #######...   7%          6    ###....
 Invisibility             Hex            #######.     7%          6    ###....
 Ozocubu's Refrigeration  Ice            #######...   7%          6    ###....
 Simulacrum               Ice/Necr       #######...   7%          6    ###....
 Statue Form              Tmut/Erth      #######..    7%          6    ###....
 Ring of Flames           Chrm/Fire      #######...   30%         7    #####..
 Spellforged Servitor     Conj/Summ      #######...   34%         7    #####..
 Dragon Form              Tmut           #######...   36%         7    #####..
 Malign Gateway           Summ/Tloc      #######...   36%         7    #####..
 Summon Hydra             Summ           #######...   36%         7    #####..
 Ignition                 Fire           #######...   88%         8    ######.
 Chain Lightning          Conj/Air       #######...   95%         8    ######.
 Lehudib's Crystal Spear  Conj/Erth      #######...   95%         8    ######.
 Borgnjor's Revivificati  Necr           #######...   96%         8    ######.
 Death's Door             Chrm/Necr      #######...   96%         8    ######.
 Infestation              Necr           #######...   96%         8    ######.
 Necromutation            Tmut/Necr      #######...   96%         8    ######.
 Fire Storm               Conj/Fire      #######...   100%        9    #######
 Tornado                  Air            #######...   100%        9    #######


Dungeon Overview and Level Annotations

Branches:
Dungeon (14/15)            Temple (1/1) D:6            Lair (5/6) D:11
 Shoals (4/4) Lair:3        Snake (0/4) Lair:3          Orc (2/2) D:11
    Elf (0/3) Orc:2        Vaults (5/5) D:13          Crypt (0/3) Vaults:2
  Sewer (visited)         Ossuary (visited)          Bailey (visited)
  IceCv (visited)         Desolation (visited)      Gauntlet (visited)
  Slime: Lair:5-6

Altars:
Ashenzari
Cheibriados
Dithmenos
Elyvilon
Fedhas
Gozag
Hepliaklqana
Kikubaaqudgha
Makhleb
Nemelex Xobeh
Okawaru
Qazlal
Ru
Sif Muna
Trog
Uskayaw
Vehumet
Wu Jian
Xom
Yredelemnul
Zin
The Shining One

Shops:
D:6 :   D:12 (   D:13 *   Orc:1 ?   Orc:2 *%!%:   Vaults:1 (   Vaults:2 %

Annotations:
Orc:2 3 runed translucent doors, CryoSword's ghost, journeyman MfSk; Scuka's ghost, journeyman BaSu
Vaults:4 3 runed translucent doors, iamserjio's ghost, veteran OpBe


Innate Abilities, Weirdness & Mutations

Your experience applies equally to all skills.
You have very sharp teeth.
Your uncanny sense of smell can sniff out nearby items.


Message History

Firing (i - inventory. (/) - cycle)
O - 1278 bolts (quivered)
Press: ? - help, Shift-Dir - straight line, f - stone giant
Aim: a stone giant (lightly wounded)
You shoot a bolt.
The bolt pierces through the stone giant!
The stone giant is lightly wounded.
The bolt closely misses the iron dragon.
You block the stone giant's attack.
Unknown command.
Firing (i - inventory. (/) - cycle)
O - 1277 bolts (quivered)
Press: ? - help, Shift-Dir - straight line, f/p - stone giant
Aim: a stone giant (lightly wounded)
You shoot a bolt.
The bolt pierces through the stone giant but does no damage.
The stone giant is lightly wounded.
The bolt pierces through the iron dragon!
The iron dragon is heavily wounded.
Your life is in your own hands again!
The stone giant hits you!
You die...

#..D....§.*)°..§)e))..)§...%%
#.....§....°...§.Z(°.........
#....§....○..°.○.))E○.).....%
#....#######################.
#...'########### #.
#..##(......(..## ∆ %D#
#..#....+##')...+ '..
#..#...∆#.|#CD..# ∆ ∆#%
#.Z#%.D∆#)(#@..(# ∆∆#
#Z.#.%..'##'....+
#ZZ##.%..%.....##
#..##+##+##+##+# #..# ∆ #..#
#..# ∆∆ #..# ∆∆ #..#... ∆


You could see an iron dragon and a stone giant.

Vanquished Creatures
  2 ancient liches (Vaults:5)
  Mara (Shoals:4)
  2 golden dragons (Vaults:5)
  4 sphinxes
  Gastronok (Lair:2)
  2 storm dragons
  Polyphemus (Shoals:4)
  3 tengu reavers
  A shadow dragon (Vaults:5)
  2 frost giants
  21 vault wardens
  An orc warlord (Vaults:5)
  9 ironheart preservers
  3 very ugly things
  An entropy weaver (Vaults:5)
  4 war gargoyles
  5 stone giants
  A deep elf annihilator (Vaults:5)
  A minotaur (Gauntlet)
  6 merfolk javelineers
  2 blizzard demons (IceCv)
  A deep elf death mage (Vaults:5)
  3 crystal guardians
  3 ettins
  9 merfolk impalers
  2 great orbs of eyes
  7 yaktaur captains
  6 servants of whispers (Desolation)
  8 ragged hierophants (Desolation)
  8 hydras
  A rakshasa (Vaults:2)
  A catoblepas (Shoals:4)
  5 ice dragons
  35 vault guards
  2 peacekeepers (Desolation)
  The ghost of Cuollip the Grappler, a journeyman VSTm of Kikubaaqudgha (Lair:4)
  4 merfolk avatars
  10 ogre magi
  5 centaur warriors
  29 two-headed ogres
  3 alligator snapping turtles
  6 merfolk aquamancers
  2 tengu warriors
  6 satyrs
  7 death yaks
  Urug (Orc:2)
  A shock serpent (shapeshifter) (Vaults:5)
  An orc high priest (Orc:2)
  Nergalle (Lair:3)
  3 deep elf knights
  A fire crab (Shoals:2)
  A shadow wraith (Vaults:3)
  10 skeletal warriors
  2 unseen horrors
  10 sea snakes
  3 wizards
  3 glowing orange brains (Vaults:2)
  20 ironbrand convokers
  22 orc knights
  Pikel (Temple)
  4 deep elf archers
  5 phantasmal warriors
  16 harpies
  24 ugly things
  13 deep elf magi
  A wolf spider (shapeshifter) (Vaults:5)
  A mana viper (shapeshifter) (Vaults:2)
  21 fauns
  An oklob plant (Shoals:4)
  6 manticores
  5 orc sorcerers
  3 wolf spiders
  A salamander (shapeshifter) (Vaults:3)
  7 cyclopes
  3 black mambas
  12 vault sentinels
  3 centaur skeletons
  6 water nymphs
  An ice statue (IceCv)
  A black mamba (shapeshifter) (Vaults:4)
  An apocalypse crab (Gauntlet)
  12 merfolk sirens
  2 gargoyles (D:13)
  3 molten gargoyles
  7 spiny frogs
  A torpor snail (shapeshifter) (Vaults:4)
  A rime drake (shapeshifter) (Vaults:1)
  A minotaur zombie (Gauntlet)
  9 freezing wraiths
  A golden dragon simulacrum (IceCv)
  2 anaconda simulacra (IceCv)
  A rime drake (Lair:3)
  2 komodo dragons
  7 ice devils (IceCv)
  38 yaktaurs
  A queen bee (shapeshifter) (Vaults:3)
  10 trolls
  A troll (shapeshifter) (Vaults:2)
  25 merfolk
  A queen bee (Gauntlet)
  A jumping spider (shapeshifter) (Vaults:3)
  Prince Ribbit (D:7)
  4 hornets
  7 wind drakes
  31 saltlings
  7 snapping turtles
  9 slime creatures (Vaults:1)
  8 hippogriffs
  15 blink frogs
  A dream sheep (D:11)
  A redback (Vaults:5)
  A stone giant simulacrum (Vaults:1)
  12 water elementals
  2 vampires (D:13)
  5 shadows
  3 dire elephant simulacra (IceCv)
  A spriggan (shapeshifter) (Vaults:3)
  A tarantella (shapeshifter) (Vaults:3)
  3 wyverns
  25 yaks
  A spriggan (Lair:3)
  A basilisk (shapeshifter) (Vaults:1)
  3 fire bats (Shoals:2)
  2 vampire mosquitoes (D:14)
  Grum (D:8)
  A hog (shapeshifter) (Vaults:1)
  Menkaure (Ossuary)
  4 iron troll simulacra (IceCv)
  3 harpy simulacra (IceCv)
  2 hungry ghosts
  2 wargs
  2 acid dragons
  A soldier ant (shapeshifter) (Vaults:3)
  16 water moccasins
  4 hydra simulacra (IceCv)
  5 porcupines
  Duvessa (D:5)
  Purgy (Sewer)
  37 orc warriors
  A black bear (shapeshifter) (Vaults:2)
  2 sky beasts
  A necrophage (D:11)
  2 ice beasts
  4 phantoms
  A tengu (shapeshifter) (Vaults:2)
  42 ogres
  6 black bears
  2 ettin simulacra (IceCv)
  7 wolves
  9 crocodiles
  5 boggarts (Vaults:1)
  34 centaurs
  5 big kobolds
  18 bullfrogs
  An elf zombie (Ossuary)
  A gnoll sergeant (D:8)
  A wyvern zombie (D:14)
  A wyvern skeleton (D:10)
  Dowan (D:5)
  3 scorpions
  An elephant simulacrum (IceCv)
  11 killer bees
  9 wights
  5 electric eels
  4 howler monkeys
  2 bullfrog zombies
  5 lava snakes (Lair:5)
  4 crimson imps
  4 centaur zombies
  3 draconian simulacra (IceCv)
  7 hounds
  2 human zombies (Ossuary)
  6 jellies
  24 orc priests
  2 bullfrog skeletons (D:13)
  Crazy Yiuf (D:7)
  22 orc wizards
  4 iguanas
  8 worker ants
  7 hell rats (Lair:3)
  2 spriggan simulacra (IceCv)
  2 troll simulacra (IceCv)
  4 ogre zombies (Ossuary)
  A hound zombie (D:6)
  2 hound skeletons
  6 mummies (Ossuary)
  2 worker ant zombies
  5 gnolls (D:8)
  A howler monkey skeleton (D:10)
  4 naga simulacra (IceCv)
  2 ogre simulacra (IceCv)
  13 adders
  4 shadow imps
  8 white imps (IceCv)
  5 ufetubi (IceCv)
  2 oozes
  4 adder zombies (Ossuary)
  2 adder skeletons (D:8)
  5 worms
  A dart slug (D:3)
  9 leopard geckos
  95 orcs
  5 ball pythons
  11 giant cockroaches
  4 goblins
  10 hobgoblins
  19 jackals
  8 quokkas
  A ball python skeleton (D:5)
  8 bats
  5 frilled lizards
  A gnoll zombie (Ossuary)
  3 goblin zombies (Ossuary)
  3 hobgoblin zombies (Ossuary)
  A jackal skeleton (D:7)
  31 kobolds
  2 kobold zombies (Ossuary)
  A leopard gecko skeleton (D:4)
  7 quokka zombies (Ossuary)
  6 rats
  2 rat zombies (Ossuary)
  8 plants
1396 creatures vanquished.

Vanquished Creatures (collateral kills)
  A golden dragon (Vaults:5)
  Jorgrun (D:14)
  Donald (Vaults:1)
  3 imperial myrmidons (Desolation)
  A vault warden (Vaults:5)
  2 ironheart preservers
  A stone giant (Vaults:2)
  4 very ugly things
  A deep elf annihilator (Vaults:4)
  A merfolk impaler (Shoals:3)
  A slime creature (Vaults:2)
  2 yaktaur captains
  A ragged hierophant (Desolation)
  A peacekeeper (Vaults:1)
  2 hydras
  2 vault guards (Vaults:1)
  A merfolk avatar (Shoals:2)
  Erica (D:8)
  A centaur warrior (Vaults:1)
  10 two-headed ogres
  3 ogre magi
  An orc high priest (Orc:2)
  4 sea snakes
  3 ironbrand convokers
  A wizard (Vaults:2)
  A deep elf archer (Vaults:4)
  4 harpies
  6 ugly things
  A deep elf mage (Vaults:5)
  A wolf spider (Vaults:4)
  A cyclops (Shoals:3)
  5 fauns
  2 merfolk sirens (Shoals:1)
  2 guardian serpents (Desolation)
  2 black mambas (Lair:3)
  9 vault sentinels
  A centaur skeleton (D:11)
  A yaktaur (shapeshifter) (Vaults:4)
  A freezing wraith (Vaults:1)
  A minotaur zombie (Gauntlet)
  3 yaktaurs
  A tengu conjurer (D:14)
  4 merfolk
  A troll (Vaults:4)
  A hornet (shapeshifter) (D:13)
  14 saltlings (Desolation)
  3 blink frogs (Lair:5)
  A polar bear (Lair:3)
  3 dream sheep
  2 hippogriffs
  A snapping turtle (Shoals:3)
  A basilisk (Lair:3)
  4 yaks
  5 water elementals
  An acid dragon (D:10)
  7 orc warriors
  11 ogres
  A necrophage (D:11)
  A centaur (Vaults:3)
  2 big kobolds
  3 bullfrogs
  2 wights (D:9)
  A hound (D:10)
  An orc wizard (Orc:2)
  An adder skeleton (D:9)
  6 orcs
  3 fungi (Lair:5)
172 creatures vanquished.

Vanquished Creatures (others)
  A sphinx (Vaults:5)
  An ettin (Vaults:5)
  A yaktaur captain (Vaults:3)
  A vault guard (Vaults:5)
  A centaur warrior (Vaults:3)
  A vault sentinel (Vaults:3)
  2 yaktaurs (Vaults:3)
  A scorpion (D:6)
  2 bushes (Lair:3)
  2 fire vortices (Vaults:5)
  A fungus (Lair:4)
  19 plants
  5 withered plants
38 creatures vanquished.

Grand Total: 1606 creatures vanquished

Notes
Turn   | Place    | Note
-------+----------+-------------------------------------------
     0 | D:1      | MordorOrchid the Gnoll Fire Elementalist began the quest
                  | for the Orb.
     0 | D:1      | Reached XP level 1. HP: 13/13 MP: 6/6
    89 | D:1      | Reached XP level 2. HP: 17/19 MP: 0/7
    93 | D:1      | Learned a level 2 spell: Throw Flame
   261 | D:1      | Reached XP level 3. HP: 12/25 MP: 1/9
   270 | D:1      | Reached skill level 5 in Spellcasting
   304 | D:1      | Learned a level 3 spell: Conjure Flame
   308 | D:1      | Learned a level 3 spell: Inner Flame
   426 | D:1      | Reached skill level 1 in Invocations
   734 | D:2      | Reached skill level 1 in Fighting
   734 | D:2      | Reached skill level 1 in Short Blades
   734 | D:2      | Reached skill level 1 in Long Blades
   734 | D:2      | Reached skill level 1 in Axes
   734 | D:2      | Reached skill level 1 in Maces & Flails
   734 | D:2      | Reached skill level 1 in Polearms
   734 | D:2      | Reached skill level 1 in Staves
   734 | D:2      | Reached skill level 1 in Slings
   734 | D:2      | Reached skill level 1 in Bows
   734 | D:2      | Reached skill level 1 in Crossbows
   734 | D:2      | Reached skill level 1 in Throwing
   734 | D:2      | Reached skill level 1 in Armour
   734 | D:2      | Reached skill level 1 in Shields
   734 | D:2      | Reached skill level 1 in Unarmed Combat
   734 | D:2      | Reached skill level 1 in Evocations
   748 | D:2      | Reached XP level 4. HP: 23/32 MP: 3/11
   958 | D:2      | Learned a level 4 spell: Sticky Flame
  1348 | D:3      | Noticed a bullfrog
  1351 | D:3      | Killed a bullfrog
  1351 | D:3      | Reached skill level 1 in Hexes
  1351 | D:3      | Reached skill level 1 in Charms
  1351 | D:3      | Reached skill level 1 in Summonings
  1351 | D:3      | Reached skill level 1 in Necromancy
  1351 | D:3      | Reached skill level 1 in Translocations
  1351 | D:3      | Reached skill level 1 in Transmutations
  1351 | D:3      | Reached skill level 1 in Ice Magic
  1351 | D:3      | Reached skill level 1 in Air Magic
  1351 | D:3      | Reached skill level 1 in Earth Magic
  1351 | D:3      | Reached skill level 1 in Poison Magic
  1351 | D:3      | Reached XP level 5. HP: 35/37 MP: 5/12
  1531 | D:3      | Found a sacrificial altar of Ru.
  1666 | D:4      | Noticed an ogre
  1745 | D:4      | Killed an ogre
  1745 | D:4      | Reached skill level 2 in Invocations
  1745 | D:4      | Reached XP level 6. HP: 44/44 MP: 0/14
  1839 | D:4      | Reached skill level 5 in Dodging
  1915 | D:4      | Found a glowing drain.
  1945 | Sewer    | Entered a sewer
  2065 | Sewer    | Noticed Purgy
  2073 | Sewer    | Killed Purgy
  2073 | Sewer    | Reached XP level 7. HP: 44/50 MP: 6/15
  2332 | D:4      | Reached skill level 5 in Stealth
  2351 | D:5      | Entered Level 5 of the Dungeon
  2373 | D:5      | Found a shimmering altar of Xom.
  2378 | D:5      | Found a radiant altar of Vehumet.
  2378 | D:5      | Found a bloodstained altar of Trog.
  2508 | D:5      | Reached skill level 3 in Invocations
  2529 | D:5      | Reached XP level 8. HP: 57/57 MP: 9/16
  2536 | D:5      | Learned a level 5 spell: Fireball
  2598 | D:5      | You fall into a shaft and drop 2 floors!
  2603 | D:7      | Found the +7 Kryia's mail coat {PotionHeal*2 rC+}
  2617 | D:7      | Found a hide-covered altar of Uskayaw.
  2827 | D:7      | Found a sand-covered staircase.
  2864 | Ossuary  | Entered an ossuary
  3389 | Ossuary  | Noticed Menkaure
  3400 | Ossuary  | Killed Menkaure
  3400 | Ossuary  | Reached skill level 4 in Invocations
  3627 | D:7      | Reached XP level 9. HP: 65/65 MP: 7/18
  3690 | D:6      | Found Estock Xonu's Book Shoppe.
  3701 | D:6      | Bought a book of Necromancy for 360 gold pieces
  3703 | D:6      | Learned a level 1 spell: Animate Skeleton
  3711 | D:6      | Got an iridescent rapier
  3712 | D:6      | Identified the +7 rapier of the Ninety-Nine Gods {venom,
                  | rPois Str+7 Int+3 Dex-5} (You found it on level 6 of the
                  | Dungeon)
  3855 | D:6      | Found a staircase to the Ecumenical Temple.
  3868 | D:6      | Noticed Pikel
  3872 | Temple   | Entered the Ecumenical Temple
  4002 | Temple   | Became a worshipper of Sif Muna the Loreminder
  4026 | Temple   | Killed Pikel
  4353 | D:5      | Noticed Duvessa
  4355 | D:5      | Noticed Dowan
  4383 | D:5      | Killed Duvessa
  4383 | D:5      | Killed Dowan
  4583 | D:6      | Reached skill level 5 in Invocations
  4586 | D:6      | Noticed a hornet
  4595 | D:6      | Killed a hornet
  4896 | D:7      | Identified the ring of Hedonism {+Blink rF+ rC+ Dex+3
                  | Slay+2}
  4904 | D:7      | Reached XP level 10. HP: 70/73 MP: 8/20
  4917 | D:7      | Noticed Prince Ribbit
  4929 | D:7      | Killed Prince Ribbit
  4929 | D:7      | Reached * piety under Sif Muna
  5080 | D:7      | Learned a level 3 spell: Regeneration
  5126 | D:7      | Found a runed translucent door.
  5127 | D:7      | Noticed Crazy Yiuf
  5134 | D:7      | Killed Crazy Yiuf
  5203 | D:8      | Reached skill level 5 in Fighting
  5203 | D:8      | Reached skill level 5 in Short Blades
  5203 | D:8      | Reached skill level 5 in Long Blades
  5203 | D:8      | Reached skill level 5 in Axes
  5203 | D:8      | Reached skill level 5 in Maces & Flails
  5203 | D:8      | Reached skill level 5 in Polearms
  5203 | D:8      | Reached skill level 5 in Staves
  5203 | D:8      | Reached skill level 5 in Slings
  5203 | D:8      | Reached skill level 5 in Bows
  5203 | D:8      | Reached skill level 5 in Crossbows
  5203 | D:8      | Reached skill level 5 in Throwing
  5203 | D:8      | Reached skill level 5 in Armour
  5203 | D:8      | Reached skill level 5 in Shields
  5203 | D:8      | Reached skill level 5 in Unarmed Combat
  5203 | D:8      | Reached skill level 5 in Evocations
  5219 | D:8      | Noticed Grum
  5340 | D:8      | Noticed Erica
  5358 | D:8      | Reached ** piety under Sif Muna
  5377 | D:8      | Killed Erica
  5377 | D:8      | Reached skill level 5 in Conjurations
  5414 | D:8      | Found a flagged portal.
  5430 | D:8      | Found a burning altar of Makhleb.
  5441 | D:8      | Reached skill level 6 in Invocations
  5479 | Bailey   | Entered a bailey
  5564 | Bailey   | Noticed an orc knight
  5598 | Bailey   | Killed an orc knight
  5668 | Bailey   | Reached XP level 11. HP: 81/81 MP: 15/22
  6108 | D:8      | Killed Grum
  6254 | D:9      | Reached *** piety under Sif Muna
  6644 | D:9      | Reached skill level 5 in Hexes
  6644 | D:9      | Reached skill level 5 in Charms
  6644 | D:9      | Reached skill level 5 in Summonings
  6644 | D:9      | Reached skill level 5 in Necromancy
  6644 | D:9      | Reached skill level 5 in Translocations
  6644 | D:9      | Reached skill level 5 in Transmutations
  6644 | D:9      | Reached skill level 5 in Ice Magic
  6644 | D:9      | Reached skill level 5 in Air Magic
  6644 | D:9      | Reached skill level 5 in Earth Magic
  6644 | D:9      | Reached skill level 5 in Poison Magic
  6682 | D:9      | Learned a level 2 spell: Passwall
  6713 | D:10     | Entered Level 10 of the Dungeon
  6713 | D:10     | Noticed a two-headed ogre
  6763 | D:10     | Reached **** piety under Sif Muna
  6945 | D:10     | Noticed a two-headed ogre
  6957 | D:10     | Killed a two-headed ogre
  6980 | D:10     | Noticed an unseen horror
  6982 | D:10     | Killed an unseen horror
  7034 | D:10     | Killed a two-headed ogre
  7034 | D:10     | Reached skill level 7 in Invocations
  7158 | D:10     | Noticed a six-headed hydra
  7166 | D:10     | Killed a four-headed hydra
  7202 | D:10     | Noticed a two-headed ogre
  7213 | D:10     | Killed a two-headed ogre
  7557 | D:11     | Reached XP level 12. HP: 89/89 MP: 24/24
  7557 | D:11     | Reached ***** piety under Sif Muna
  7563 | D:11     | Identified Sif Muna's Reference Book on the Boosting
                  | Mountains (Sif Muna gifted it to you on level 11 of the
                  | Dungeon)
  7563 | D:11     | Received a gift from Sif Muna
  7581 | D:11     | Found a staircase to the Lair.
  7592 | D:11     | Found a staircase to the Orcish Mines.
  7629 | D:11     | Reached skill level 8 in Invocations
  7629 | D:11     | Reached XP level 13. HP: 96/96 MP: 26/26
  8152 | D:11     | Learned a level 5 spell: Bolt of Magma
  8362 | D:12     | Found Gysmeerph's Antique Weapon Shoppe.
  8494 | D:12     | Found a burning altar of Makhleb.
  8636 | D:13     | Identified a scroll of acquirement
  8678 | D:13     | Noticed a vault guard
  8682 | D:13     | Noticed a vault guard
  8727 | D:13     | Killed a vault guard
  8740 | D:13     | Killed a vault guard
  8753 | D:13     | Received a gift from Sif Muna
  8880 | D:13     | Found a gate to the Vaults.
  8932 | D:13     | Noticed a vault guard
  8952 | D:13     | Killed a vault guard
  8952 | D:13     | Reached skill level 9 in Invocations
  9008 | D:13     | Noticed a vault guard
  9021 | D:13     | Killed a vault guard
  9172 | D:13     | Found Ziworgh's Blood Bar.
  9383 | Lair:1   | Entered Level 1 of the Lair of Beasts
  9450 | Orc:1    | Entered Level 1 of the Orcish Mines
  9519 | Orc:1    | Found Uduppoom's Magic Scroll Shop.
  9531 | Orc:1    | Bought a scroll of immolation for 52 gold pieces
  9531 | Orc:1    | Bought a scroll of identify for 30 gold pieces
  9531 | Orc:1    | Bought a scroll of identify for 30 gold pieces
  9533 | Orc:1    | Bought a scroll of fog for 30 gold pieces
  9647 | Orc:2    | Entered Level 2 of the Orcish Mines
  9647 | Orc:2    | Found Zivemua's Assorted Antiques.
  9649 | Orc:2    | Reached XP level 14. HP: 106/106 MP: 16/27
  9908 | Orc:1    | Received a gift from Sif Muna
 10016 | Orc:2    | Reached skill level 10 in Spellcasting
 10378 | Orc:1    | Reached skill level 10 in Dodging
 10607 | Orc:2    | Found a runed translucent gate.
 10607 | Orc:2    | Found a runed translucent gate.
 10607 | Orc:2    | Found a runed translucent gate.
 10611 | Orc:2    | Noticed CryoSword's ghost (journeyman MfSk)
 10611 | Orc:2    | Noticed Scuka's ghost (journeyman BaSu)
 10661 | Orc:2    | Noticed Urug
 10662 | Orc:2    | Found a staircase to the Elven Halls.
 10779 | Orc:2    | Killed Urug
 10885 | Orc:2    | Reached skill level 10 in Stealth
 10950 | Orc:2    | Reached skill level 10 in Invocations
 11156 | Orc:2    | Found Ehero's Distillery.
 11156 | Orc:2    | Found Lafuh's Book Emporium.
 11158 | Orc:2    | Found Wesoigif's Food Shoppe.
 11158 | Orc:2    | Found Qouhoi's Food Boutique.
 11169 | Orc:2    | Received a gift from Sif Muna
 11180 | Orc:2    | Learned a level 4 spell: Passage of Golubria
 11410 | Orc:2    | Bought a potion of heal wounds for 70 gold pieces
 11410 | Orc:2    | Bought a potion of heal wounds for 70 gold pieces
 11410 | Orc:2    | Bought a potion of heal wounds for 70 gold pieces
 11412 | Orc:2    | Bought a potion of curing for 42 gold pieces
 11412 | Orc:2    | Bought 2 potions of curing for 84 gold pieces
 11412 | Orc:2    | Bought a potion of curing for 42 gold pieces
 11575 | Orc:1    | Bought a scroll of identify for 30 gold pieces
 11575 | Orc:1    | Bought a scroll of identify for 30 gold pieces
 11575 | Orc:1    | Bought a scroll of enchant armour for 112 gold pieces
 11575 | Orc:1    | Bought a scroll of enchant weapon for 112 gold pieces
 11575 | Orc:1    | Bought a scroll of magic mapping for 52 gold pieces
 11604 | Orc:2    | Bought a tourmaline ring for 170 gold pieces
 11604 | Orc:2    | Bought a wizard robe for 193 gold pieces
 11604 | Orc:2    | Identified the cursed +0 robe of Plog {rN+ Dex+3} (You
                  | bought it in a shop on level 2 of the Orcish Mines)
 11691 | Lair:1   | Got a translucent crystal amulet
 11692 | Lair:1   | Identified the amulet of Ywkaxaf {Acrobat rN+++ Str+2} (You
                  | found it on level 1 of the Lair of Beasts)
 11754 | Lair:1   | Reached XP level 15. HP: 106/114 MP: 4/29
 12053 | Lair:2   | You fall into a shaft and drop 1 floor!
 12083 | Lair:2   | Noticed Gastronok
 12106 | Lair:2   | Killed Gastronok
 12946 | Lair:3   | Noticed Nergalle
 12962 | Lair:3   | Found a staircase to the Snake Pit.
 12974 | Lair:3   | Received a gift from Sif Muna
 12974 | Lair:3   | Killed Nergalle
 13144 | Lair:3   | Found a staircase to the Shoals.
 13232 | Lair:4   | Found a runed translucent gate.
 13233 | Lair:4   | Found a runed translucent gate.
 13240 | Lair:4   | Found a runed translucent gate.
 13240 | Lair:4   | Found a blossoming altar of Fedhas.
 13250 | Lair:4   | Noticed Cuollip's ghost (journeyman VSTm)
 13283 | Lair:4   | Killed Cuollip's ghost
 13338 | Lair:4   | Learned a level 1 spell: Confusing Touch
 13675 | Lair:5   | Found a gate leading to a gauntlet.
 13687 | Gauntlet | Entered a Gauntlet
 13687 | Gauntlet | Found a transporter.
 13695 | Gauntlet | Found a transporter.
 13697 | Gauntlet | Found a transporter.
 13699 | Gauntlet | Found a transporter.
 13710 | Gauntlet | Found a transporter.
 13725 | Gauntlet | Found a transporter.
 13731 | Gauntlet | Found a transporter.
 13757 | Gauntlet | Found a transporter.
 13766 | Gauntlet | Found a transporter.
 13788 | Gauntlet | Found a transporter.
 13818 | Gauntlet | Found a transporter.
 13830 | Gauntlet | Found a transporter.
 13835 | Gauntlet | Found a transporter.
 13835 | Gauntlet | Found a transporter.
 13850 | Gauntlet | Found a transporter.
 13855 | Gauntlet | Found a transporter.
 13896 | Gauntlet | Found a transporter.
 13926 | Gauntlet | Found a transporter.
 14084 | Gauntlet | Reached skill level 10 in Fire Magic
 14129 | Gauntlet | Got a pitted copper ring
 14133 | Gauntlet | Got an ancient cloak
 14144 | Gauntlet | Identified the cursed +0 cloak "Zamoestra" {Str+3 Dex-5
                  | SInv} (You found it in a Gauntlet)
 14332 | Lair:5   | Reached skill level 10 in Fighting
 14332 | Lair:5   | Reached skill level 10 in Short Blades
 14332 | Lair:5   | Reached skill level 10 in Long Blades
 14332 | Lair:5   | Reached skill level 10 in Axes
 14332 | Lair:5   | Reached skill level 10 in Maces & Flails
 14332 | Lair:5   | Reached skill level 10 in Polearms
 14332 | Lair:5   | Reached skill level 10 in Staves
 14332 | Lair:5   | Reached skill level 10 in Slings
 14332 | Lair:5   | Reached skill level 10 in Bows
 14332 | Lair:5   | Reached skill level 10 in Crossbows
 14332 | Lair:5   | Reached skill level 10 in Throwing
 14332 | Lair:5   | Reached skill level 10 in Armour
 14332 | Lair:5   | Reached skill level 10 in Shields
 14332 | Lair:5   | Reached skill level 10 in Unarmed Combat
 14332 | Lair:5   | Reached skill level 10 in Evocations
 14768 | Lair:3   | Received a gift from Sif Muna
 14827 | Shoals:1 | Entered Level 1 of the Shoals
 14880 | Shoals:1 | Reached skill level 11 in Invocations
 15089 | Shoals:1 | Reached XP level 16. HP: 122/122 MP: 27/31
 15772 | Shoals:2 | Found a frozen archway.
 15792 | IceCv    | Entered an ice cave
 16219 | IceCv    | Got a spiked plate armour
 16341 | IceCv    | Identified Sif Muna's Disquisition on Confrontation (Sif
                  | Muna gifted it to you in an ice cave)
 16341 | IceCv    | Received a gift from Sif Muna
 16505 | IceCv    | Got a slimy hat
 16813 | Shoals:2 | Identified the cursed +0 hat of Vuyqar {Slay+5} (You found
                  | it in an ice cave)
 17480 | Shoals:3 | Identified Sif Muna's Volume of Harmful Translocation (Sif
                  | Muna gifted it to you on level 3 of the Shoals)
 17480 | Shoals:3 | Received a gift from Sif Muna
 17488 | Shoals:3 | Learned a level 3 spell: Mephitic Cloud
 17566 | Shoals:3 | Reached XP level 17. HP: 104/131 MP: 5/32
 17760 | Shoals:4 | Entered Level 4 of the Shoals
 17760 | Shoals:4 | Found an iron altar of Okawaru.
 17810 | Shoals:4 | Found a sparkling altar of Nemelex Xobeh.
 17817 | Shoals:3 | Reached skill level 12 in Invocations
 18082 | Shoals:4 | Noticed Mara
 18513 | Shoals:4 | Noticed MordorOrchid's illusion
 18973 | Shoals:4 | Identified the ring of Elyvilon's Supremacy {MP+9 SInv}
                  | (You found it in a Gauntlet)
 18976 | Shoals:4 | Got a scintillating brass ring
 19027 | Shoals:4 | Identified Sif Muna's Compendium of Creative Aid
 19283 | Shoals:4 | Reached skill level 10 in Conjurations
 19372 | Shoals:4 | Found an ancient bone altar of Kikubaaqudgha.
 19465 | Shoals:4 | Identified the +6 hand crossbow of the Extremely Mad
                  | {penet, MR++ Int+4 Dex+3}
 19713 | Shoals:4 | Identified the +13 plate armour of Resilience {Int+5} (You
                  | found it in an ice cave)
 19715 | Shoals:4 | Identified the ring of Enosch {rElec rC- Str+3 Dex+8} (You
                  | found it on level 4 of the Shoals)
 19731 | Shoals:4 | Noticed MordorOrchid's illusion
 19735 | Shoals:4 | Noticed MordorOrchid's illusion
 19740 | Shoals:4 | Killed Mara
 19757 | Shoals:4 | Got a barnacled rune of Zot
 19807 | Shoals:4 | Noticed Polyphemus
 19833 | Shoals:4 | Killed Polyphemus
 20026 | Shoals:4 | Got a polished ring mail
 20037 | Shoals:4 | Identified the +2 ring mail of the Bouncing Demons {rC++
                  | rN+ Str-4} (You found it on level 4 of the Shoals)
 20305 | Lair:3   | Learned a level 4 spell: Summon Lightning Spire
 20459 | D:13     | Received a gift from Sif Muna
 20670 | D:13     | Reached XP level 18. HP: 139/139 MP: 34/34
 20684 | D:13     | Reached skill level 10 in Hexes
 20684 | D:13     | Reached skill level 10 in Charms
 20684 | D:13     | Reached skill level 10 in Summonings
 20684 | D:13     | Reached skill level 10 in Necromancy
 20684 | D:13     | Reached skill level 10 in Translocations
 20684 | D:13     | Reached skill level 10 in Transmutations
 20684 | D:13     | Reached skill level 10 in Ice Magic
 20684 | D:13     | Reached skill level 10 in Air Magic
 20684 | D:13     | Reached skill level 10 in Earth Magic
 20684 | D:13     | Reached skill level 10 in Poison Magic
 20829 | D:14     | Identified the +6 falchion "Qyez" {pain, rPois rN+ Str-2
                  | Int+5}
 21098 | D:14     | Noticed Jorgrun
 21102 | D:14     | Killed Jorgrun
 21166 | D:14     | Found a sparkling altar of Nemelex Xobeh.
 21327 | D:14     | Got a heavy robe
 21331 | D:14     | Identified the +1 robe "Cyzemilo" {rN++} (You found it on
                  | level 14 of the Dungeon)
 21524 | Vaults:1 | Entered Level 1 of the Vaults
 21524 | Vaults:1 | Noticed Donald
 21773 | Vaults:1 | Found a ruined gateway.
 21988 | Desolati | Entered the Desolation of Salt
 22398 | Desolati | Identified Sif Muna's Almanac of Arcane Weapons (Sif Muna
                  | gifted it to you in the Desolation of Salt)
 22398 | Desolati | Received a gift from Sif Muna
 22497 | Desolati | Found the +3 sling "Punk" {acid, rCorr}
 22508 | Desolati | Got a glittering iron ring
 22589 | Desolati | Got a scorched bone ring
 22598 | Desolati | Reached skill level 13 in Invocations
 22653 | Desolati | Identified the ring of Mec Homu {rC+ Str+8 Int+7 Dex-2}
 22821 | Desolati | Identified the Reference Book on Flamy Combat Magic
 22893 | Desolati | Found the +6 Majin-Bo {vamp, Archmagi MP+6 Int+6}
 22950 | Desolati | Identified Ocicoan's Tome of Evil and Conjuration
 22958 | Desolati | Identified the Tome of the Flying Snowflakes
 22963 | Desolati | Identified the ring "Udghotay" {rC++ Int+2 Slay-5} (You
                  | found it in the Desolation of Salt)
 23549 | Vaults:1 | Reached XP level 19. HP: 144/146 MP: 4/36
 23551 | Vaults:1 | Identified Roplean's Disquisition on Supportive Curses (Sif
                  | Muna gifted it to you on level 1 of the Vaults)
 23551 | Vaults:1 | Received a gift from Sif Muna
 23710 | Vaults:1 | Killed Donald
 23802 | Vaults:1 | Found Itaaff's Antique Weapon Shop.
 24928 | Vaults:2 | Received a gift from Sif Muna
 25295 | Vaults:2 | Found a staircase to the Crypt.
 25295 | Vaults:2 | Found an ancient bone altar of Kikubaaqudgha.
 25296 | Vaults:2 | Found a basalt altar of Yredelemnul.
 25581 | Vaults:2 | Reached XP level 20. HP: 155/155 MP: 29/37
 25694 | Vaults:2 | Reached skill level 14 in Invocations
 25714 | Vaults:2 | Identified Sif Muna's Guide on Sinister Rituals (Sif Muna
                  | gifted it to you on level 2 of the Vaults)
 25714 | Vaults:2 | Received a gift from Sif Muna
 25868 | Vaults:2 | Found Ryvop's Food Emporium.
 25977 | Vaults:3 | Reached ****** piety under Sif Muna
 26581 | Vaults:3 | Found the +9 heavy crossbow "Sniper" {velocity, Acc+∞ SInv}
 26607 | Vaults:3 | Identified the ring "Daxeab" {*Slow rElec rN+ AC+1 Int+4}
                  | (You found it in the Desolation of Salt)
 26674 | Vaults:3 | Found a shimmering blue altar of Sif Muna.
 27112 | Vaults:4 | Identified Sif Muna's Almanac of the Ghastly Birds (Sif
                  | Muna gifted it to you on level 4 of the Vaults)
 27112 | Vaults:4 | Received a gift from Sif Muna
 27144 | Vaults:4 | Found a runed translucent gate.
 27145 | Vaults:4 | Found a runed translucent gate.
 27145 | Vaults:4 | Found a runed translucent gate.
 27148 | Vaults:4 | Noticed iamserjio's ghost (veteran OpBe)
 27300 | Vaults:4 | Paralysed by a sphinx for 2 turns
 27604 | Vaults:4 | Learned a level 5 spell: Borgnjor's Vile Clutch
 27951 | Vaults:4 | Reached XP level 21. HP: 131/163 MP: 25/39
 28317 | Vaults:5 | Entered Level 5 of the Vaults
 28326 | Vaults:5 | Identified Ackogony's Compendium of Evil Arcane Weapons
                  | (Sif Muna gifted it to you on level 5 of the Vaults)
 28326 | Vaults:5 | Received a gift from Sif Muna
 28376 | Vaults:5 | Noticed a golden dragon
 28385 | Vaults:5 | Noticed a golden dragon
 28386 | Vaults:5 | Noticed an ancient lich
 28393 | Vaults:5 | Killed a golden dragon
 28480 | Vaults:5 | Reached skill level 15 in Invocations
 28497 | Vaults:5 | Noticed an ancient lich
 28507 | Vaults:5 | Killed an ancient lich
 28585 | Vaults:5 | Noticed a golden dragon
 28589 | Vaults:5 | Killed a golden dragon
 28739 | Vaults:5 | Killed a golden dragon
 28760 | Vaults:5 | Paralysed by an ancient lich for 2 turns
 28778 | Vaults:5 | Killed an ancient lich
 28778 | Vaults:5 | Reached XP level 22. HP: 56/172 MP: 10/40
 28798 | Vaults:5 | Slain by a stone giant

Levels and vault maps discovered:
D:1:      zaba_arrival_water, layout_basic
D:2:      layout_rooms
D:3:      layout_basic, nicolae_ru_awakened_eye
D:4:      layout_cave_pools, cheibrodos_sewer_entry_drain
D:5:      layout_basic, chequers_temple_overflow_statue_of_worship,
          first_ration, uniq_duvessa
D:6:      minmay_opposing_rooms, layout_basic, minmay_temple_entry_slanted,
          serial_shops, shop_fountains, uniq_pikel
D:7:      layout_loops_ring, eat_drink_and_be_merry_uskayaw, enter_ossuary_2,
          uniq_crazy_yiuf_cottage, uniq_prince_ribbit1
D:8:      layout_rooms, enter_bailey_2, basic_altar, uniq_erica, uniq_grum
D:9:      layout_cave_pools
D:10:     layout_cave_pods
D:11:     layout_loops_cross, lair_entry_dummy, orc_0_dummy, hangedman_ranch
          [blue_anna_fruit_fields]
D:12:     layout_rooms, serial_shops, nicolae_shop_waterfront, basic_altar,
          kennysheep_generic_room_13
D:13:     layout_irregular_city, lightli_vaults_fourway_checkpoint,
          guppyfry_shop_blood
D:14:     layout_loops_corners, nemelex_diamond_rough_becter, uniq_jorgrun
Temple:   eino_narrow_crystal_temple
Lair:1:   layout_small_grid, chequers_serial_rivers_small_a
Lair:2:   layout_hall_layers, serial_bayou, serial_bayou_lake_a,
          serial_bayou_ford_a, serial_bayou_pond_b, serial_bayou_pond_d,
          uniq_gastronok
Lair:3:   layout_regular_city, minmay_shoals_entry_lonely_mermaid,
          minmay_snake_entry_six_corridors, chequers_serial_rivers_room_a,
          wad_woods_06, grunt_forest_stairs_clearing, uniq_nergalle
Lair:4:   layout_roguey, basic_altar, ebering_ghost_rock_garden, minivault_23,
          chequers_serial_rivers_micro_d
Lair:5:   cheibrodos_magma_flow, layout_cave_pods, gauntlet_entry_generic,
          st_stairs_7
Shoals:1: layout_shoals, nicolae_shoals_seven_spires, nicolae_shoals_mertower
Shoals:2: cheibrodos_shoals_satyrical_garden, layout_shoals,
          portal_ice_cave_entry_pillars_1, hangedman_shoal_volcano
Shoals:3: cheibrodos_shoals_oceanic_diplomacy, layout_shoals
Shoals:4: shoals_end_grunt_ice, layout_shoals, hangedman_feature_mirror,
          lemuel_oklob_altar, uniq_polyphemus, uniq_mara
Orc:1:    layout_caves, special_room [special_room_orc], serial_shops,
          shop_statue
Orc:2:    st_orc_ogre_mass, layout_caves, serial_shops, shop,
          gammafunk_ghost_cemetery, uniq_urug
Vaults:1: nicolae_vaults_little_squares_1, st_lattice,
          vaults_room_grunt_arrival_ludios, v_pattern_4,
          nicolae_vaults_little_squares_4, nicolae_vaults_disjoint_gnomons,
          grunt_vaults_focal, vaults_room_pool, layout_vaults_omnigrid,
          portal_desolation_entry_salt, serial_shops,
          nicolae_shop_overgrown_old_shop, uniq_donald
Vaults:2: st_check, hangedman_vaults_river_flow, nicolae_vaults_big_ls,
          v_misc_13, v_misc_19, grunt_vaults_funnel, ontoclasm_vaults_bender,
          vaults_standard_mumra_x, nicolae_vaults_little_squares_1,
          nicolae_vaults_little_squares_1, nicolae_vaults_what_the_h,
          nicolae_vaults_triangles, minmay_crypt_entry_necro_gods,
          v_alt_pattern_1, vaults_room_pool, layout_vaults_omnibox,
          serial_shops, nicolae_shop_stone
Vaults:3: hangedman_vaults_slither, nicolae_vaults_alarming,
          vaults_room_ringed_pool, minmay_guarded_unrand_secular_launcher,
          v_pattern_2, vaults_room_pools, vaults_room_boxed,
          nicolae_vaults_asterisk, v_misc_10, layout_vaults_maze, basic_altar
Vaults:4: gammafunk_vaults_ghost_spectres, nicolae_vaults_ring_of_whatevers,
          v_misc_12, nicolae_vaults_theta, vaults_room_pools,
          nicolae_vaults_rhombus_7, vaults_room_semicircle,
          nicolae_vaults_network_quinsquares
          [nicolae_vaults_network_quincunx_subvault,
          nicolae_vaults_network_quincunx_subvault,
          nicolae_vaults_network_quincunx_subvault,
          nicolae_vaults_network_quincunx_subvault],
          nicolae_vaults_network_periphery, ontoclasm_vaults_shuriken,
          ontoclasm_vaults_echo, vaults_mumra_lcd,
          hangedman_vaults_corner_blocks, serial_ice_m,
          ontoclasm_vaults_gateway, layout_vaults_ring
Vaults:5: serial_shops

Skill      XL: |  1  2  3  4  5  6  7  8  9 10 11 12 13 14 15 16 17 18 19 20 21 |
---------------+----------------------------------------------------------------+-----
Conjurations   | 2 3 4 5 6 7 8 9 10 11 12 | 12.3
Spellcasting   | 5 6 7 8 9 10 11 12 13 14 | 14.8
Invocations    | 1 2 3 4 5 6 7 8 9 10 11 12 13 14 15 | 15.2
Fighting       | 1 2 3 4 5 6 7 8 9 10 11 12 13 14 | 14.1
Short Blades   | 1 2 3 4 5 6 7 8 9 10 11 12 13 14 | 14.1
Long Blades    | 1 2 3 4 5 6 7 8 9 10 11 12 13 14 | 14.1
Axes           | 1 2 3 4 5 6 7 8 9 10 11 12 13 14 | 14.1
Maces & Flails | 1 2 3 4 5 6 7 8 9 10 11 12 13 14 | 14.1
Polearms       | 1 2 3 4 5 6 7 8 9 10 11 12 13 14 | 14.1
Staves         | 1 2 3 4 5 6 7 8 9 10 11 12 13 14 | 14.1
Slings         | 1 2 3 4 5 6 7 8 9 10 11 12 13 14 | 14.1
Bows           | 1 2 3 4 5 6 7 8 9 10 11 12 13 14 | 14.1
Crossbows      | 1 2 3 4 5 6 7 8 9 10 11 12 13 14 | 14.1
Throwing       | 1 2 3 4 5 6 7 8 9 10 11 12 13 14 | 14.1
Armour         | 1 2 3 4 5 6 7 8 9 10 11 12 13 14 | 14.1
Shields        | 1 2 3 4 5 6 7 8 9 10 11 12 13 14 | 14.1
Unarmed Combat | 1 2 3 4 5 6 7 8 9 10 11 12 13 14 | 14.1
Evocations     | 1 2 3 4 5 6 7 8 9 10 11 12 13 14 | 14.1
Hexes          | 1 2 3 4 5 6 7 8 9 10 11 12 | 12.1
Charms         | 1 2 3 4 5 6 7 8 9 10 11 12 | 12.1
Summonings     | 1 2 3 4 5 6 7 8 9 10 11 12 | 12.1
Necromancy     | 1 2 3 4 5 6 7 8 9 10 11 12 | 12.1
Translocations | 1 2 3 4 5 6 7 8 9 10 11 12 | 12.1
Transmutations | 1 2 3 4 5 6 7 8 9 10 11 12 | 12.1
Ice Magic      | 1 2 3 4 5 6 7 8 9 10 11 12 | 12.1
Air Magic      | 1 2 3 4 5 6 7 8 9 10 11 12 | 12.1
Earth Magic    | 1 2 3 4 5 6 7 8 9 10 11 12 | 12.1
Poison Magic   | 1 2 3 4 5 6 7 8 9 10 11 12 | 12.1
Dodging        | 5 6 7 8 9 10 11 12 13 14 | 14.6
Stealth        | 5 6 7 8 9 10 11 12 13 14 | 14.6
Fire Magic     | 6 7 8 9 10 11 12 13 | 13.1

Action                   |  1- 3 |  4- 6 |  7- 9 | 10-12 | 13-15 | 16-18 | 19-21 | 22-24 || total
-------------------------+-------+-------+-------+-------+-------+-------+-------+-------++-------
Melee: Hand axe          |    18 |    13 |       |       |       |       |       |       ||    31
       Bite              |     4 |     1 |     8 |     5 |    37 |    46 |    79 |       ||   180
       Dagger            |       |     4 |       |       |       |       |       |       ||     4
       Punch             |       |     1 |     1 |     1 |    11 |     3 |       |       ||    17
       Flail             |       |       |    61 |       |       |       |       |       ||    61
       Rapier            |       |       |    30 |    58 |   195 |   178 |   385 |       ||   846
       Staff             |       |       |       |    14 |     7 |    26 |    21 |       ||    68
       Scimitar          |       |       |       |     2 |       |       |       |       ||     2
       Battleaxe         |       |       |       |       |   108 |     1 |       |       ||   109
       Quarterstaff      |       |       |       |       |     5 |       |       |       ||     5
       Falchion          |       |       |       |       |       |    79 |    40 |       ||   119
 Fire: Hunting sling     |       |     3 |    21 |   108 |   130 |       |       |       ||   262
       Hand crossbow     |       |       |       |       |       |    16 |    16 |     6 ||    38
Throw: Dart              |       |    16 |    10 |     9 |     3 |       |     2 |       ||    40
       Boomerang         |       |       |     9 |       |    19 |    75 |    84 |       ||   187
       Javelin           |       |       |       |       |       |     2 |       |       ||     2
       Throwing net      |       |       |       |       |       |       |     2 |       ||     2
 Cast: Flame Tongue      |    51 |    69 |   144 |   224 |   155 |   221 |     8 |       ||   872
       Throw Flame       |     4 |     5 |    18 |    19 |    28 |    46 |       |       ||   120
       Sticky Flame      |       |     3 |     8 |    41 |   105 |    81 |    44 |       ||   282
       Conjure Flame     |       |     1 |    21 |     8 |    21 |    20 |    10 |       ||    81
       Inner Flame       |       |       |     2 |     7 |    20 |    15 |     6 |       ||    50
       Animate Skeleton  |       |       |       |    26 |   152 |   110 |   147 |       ||   435
       Regeneration      |       |       |       |     2 |    35 |    80 |    26 |       ||   143
       Fireball          |       |       |       |     5 |   128 |   191 |    89 |       ||   413
       Bolt of Magma     |       |       |       |       |    23 |   124 |   111 |     1 ||   259
       Passwall          |       |       |       |       |    12 |    48 |       |       ||    60
       Passage of Golubr |       |       |       |       |     5 |    23 |    15 |       ||    43
       Ignition          |       |       |       |       |     1 |       |       |       ||     1
       Confusing Touch   |       |       |       |       |       |     2 |     1 |       ||     3
       Death's Door      |       |       |       |       |       |     1 |       |     1 ||     2
       Mephitic Cloud    |       |       |       |       |       |    20 |    74 |     1 ||    95
       Summon Lightning  |       |       |       |       |       |    30 |    40 |       ||    70
       Tornado           |       |       |       |       |       |     1 |       |       ||     1
       Borgnjor's Vile C |       |       |       |       |       |       |    15 |       ||    15
       Fire Storm        |       |       |       |       |       |       |     1 |       ||     1
Invok: Divine Exegesis   |       |       |       |       |     1 |     2 |     1 |     1 ||     5
 Abil: Evoke Blink       |       |       |       |     4 |     4 |       |       |       ||     8
Evoke: Wand              |       |       |     4 |     8 |    13 |    45 |    26 |       ||    96
       Sack of spiders   |       |       |       |       |       |     1 |       |       ||     1
       Phantom mirror    |       |       |       |       |       |     2 |       |       ||     2
       Lamp of fire      |       |       |       |       |       |     1 |     1 |       ||     2
       Lightning rod     |       |       |       |       |       |       |     1 |       ||     1
       Phial of floods   |       |       |       |       |       |       |     1 |       ||     1
  Use: Scroll            |     3 |     1 |     9 |    10 |    16 |    11 |    13 |       ||    63
       Potion            |       |       |       |     7 |     2 |     3 |     9 |       ||    21
 Stab: Sleeping          |       |     4 |     3 |     1 |    17 |     8 |     5 |       ||    38
       Distracted        |       |     1 |     1 |     1 |     3 |     7 |     7 |       ||    20
       Invisible         |       |       |       |       |     2 |       |       |       ||     2
       Paralysed         |       |       |       |       |     1 |     1 |     3 |       ||     5
       Confused          |       |       |       |       |       |    12 |    48 |       ||    60
       Held in net/web   |       |       |       |       |       |       |     1 |       ||     1
  Eat: Chunk             |       |     4 |     7 |    13 |    41 |    37 |    29 |       ||   131
       Ration            |       |       |     1 |       |     2 |     6 |       |       ||     9
Armor: Robe              |     5 |       |       |       |       |       |       |       ||     5
       Ring mail         |     1 |    14 |       |       |       |       |       |       ||    15
       Troll leather arm |       |       |    11 |       |       |       |       |       ||    11
       Scale mail        |       |       |    35 |   102 |   168 |   195 |    80 |     3 ||   583
Dodge: Dodged            |    23 |    23 |    94 |   170 |   377 |   345 |   171 |    15 ||  1218
Block: Buckler           |       |       |       |       |       |   204 |    10 |       ||   214
       Shield            |       |       |       |       |       |       |   282 |    29 ||   311
       Reflection        |       |       |       |       |       |       |    42 |     2 ||    44
       Rpst.: Falchion   |       |       |       |       |       |     9 |     2 |       ||    11

Table legend:
 A = Non-vault XP
 B = Vault XP
 C = Vault XP percentage of total XP
 D = Non-vault monster count
 E = Vault monster count
 F = Vault count percentage of total count
                 A         B        C        D         E       F
            +---------+---------+-------+---------+---------+-------
      Total |  266586 |  317530 |  54.4 |     946 |     618 |  39.5
            +---------+---------+-------+---------+---------+-------
        D:1 |      62 |       0 |   0.0 |      34 |       0 |   0.0
        D:2 |      44 |       0 |   0.0 |      15 |       0 |   0.0
        D:3 |     163 |       0 |   0.0 |      17 |       0 |   0.0
        D:4 |     624 |       3 |   0.5 |      29 |       2 |   6.5
        D:5 |     302 |     207 |  40.7 |       6 |       2 |  25.0
        D:6 |     405 |     627 |  60.8 |      11 |       8 |  42.1
        D:7 |    1171 |     435 |  27.1 |      27 |       3 |  10.0
        D:8 |    1608 |    1250 |  43.7 |      35 |       4 |  10.3
        D:9 |    1635 |       0 |   0.0 |      31 |       0 |   0.0
       D:10 |    5913 |       0 |   0.0 |      33 |       0 |   0.0
       D:11 |    5152 |    1849 |  26.4 |      39 |       8 |  17.0
       D:12 |    3584 |     157 |   4.2 |      26 |       1 |   3.7
       D:13 |    7833 |    6919 |  46.9 |      42 |      17 |  28.8
       D:14 |   10363 |    2338 |  18.4 |      35 |       1 |   2.8
     Temple |     208 |     641 |  75.5 |       5 |       1 |  16.7
     Lair:1 |    3134 |       0 |   0.0 |      12 |       0 |   0.0
     Lair:2 |    2487 |    2581 |  50.9 |      10 |       3 |  23.1
     Lair:3 |    5405 |    4873 |  47.4 |      27 |      30 |  52.6
     Lair:4 |    3347 |     813 |  19.5 |      17 |       1 |   5.6
     Lair:5 |    8761 |    2416 |  21.6 |      24 |       9 |  27.3
   Shoals:1 |    8505 |    6069 |  41.6 |      22 |       7 |  24.1
   Shoals:2 |   11683 |    5481 |  31.9 |      25 |      16 |  39.0
   Shoals:3 |   22512 |   12017 |  34.8 |      42 |      19 |  31.1
   Shoals:4 |   15393 |   24974 |  61.9 |      35 |      31 |  47.0
      Orc:1 |    4854 |    6939 |  58.8 |      50 |      21 |  29.6
      Orc:2 |    5566 |   14843 |  72.7 |      39 |      34 |  46.6
   Vaults:1 |   35920 |   15700 |  30.4 |      81 |      28 |  25.7
   Vaults:2 |   34782 |   31827 |  47.8 |      53 |      54 |  50.5
   Vaults:3 |   24015 |   26682 |  52.6 |      47 |      35 |  42.7
   Vaults:4 |   27871 |   12096 |  30.3 |      59 |      18 |  23.4
   Vaults:5 |   13284 |   86176 |  86.6 |      18 |      58 |  76.3
      Sewer |       0 |     144 | 100.0 |       0 |       6 | 100.0
    Ossuary |       0 |     646 | 100.0 |       0 |      37 | 100.0
     Bailey |       0 |    1766 | 100.0 |       0 |      22 | 100.0
      IceCv |       0 |   10847 | 100.0 |       0 |      60 | 100.0
 Desolation |       0 |   32456 | 100.0 |       0 |      68 | 100.0
   Gauntlet |       0 |    3758 | 100.0 |       0 |      14 | 100.0
            +---------+---------+-------+---------+---------+-------
